3AAA
BRINKLEY BELUGAS @ PAWNEE PARKSNREC
05/30/2023
 
TOP OF THE 1ST
Brinkley Belugas batting - Pitching for Pawnee ParksNRec : RHP Albert Castillo
Pitching: RHP Albert Castillo
Batting: RHB Jaime López 0-0: Swinging Strike
0-1: SINGLE (Line Drive, 9LS)
Batting: RHB Iván Miranda 0-0: Called Strike
Jaime López is caught stealing 2nd base
0-1: Ball
1-1: Ball
2-1: Ground out 1-3 (Groundball, 15S)
Batting: LHB Mike Cook 0-0: Ball
1-0: Foul Ball, location: 2F
1-1: Ball
2-1: Ball
3-1: Called Strike
3-2: Ground out 4-3 (Groundball, 4M)
Top of the 1st over - 0 run(s), 1 hit(s), 0 error(s), 0 left on base; Brinkley 0 - Pawnee 0
BOTTOM OF THE 1ST
Pawnee ParksNRec batting - Pitching for Brinkley Belugas : RHP Jeff Mayer
Pitching: RHP Jeff Mayer
Batting: RHB Roberto Maestas 0-0: Ball
1-0: Foul Ball, location: 2F
1-1: Foul Ball, location: 2F
1-2: Strikes out swinging
Batting: RHB Duncan Thomas 0-0: Ball
1-0: Ball
2-0: Called Strike
2-1: Fly out, F6 (Line Drive, 6)
Batting: RHB Mark Allen 0-0: Ground out 6-3 (Groundball, 6)
Bottom of the 1st over - 0 run(s), 0 hit(s), 0 error(s), 0 left on base; Brinkley 0 - Pawnee 0
TOP OF THE 2ND
Brinkley Belugas batting - Pitching for Pawnee ParksNRec : RHP Albert Castillo
Batting: RHB Reggie Kahn 0-0: Ball
1-0: Ball
2-0: Ball
3-0: Called Strike
3-1: Swinging Strike
3-2: SINGLE (Groundball, 25) (infield hit)
Batting: LHB Eric Porter 0-0: Swinging Strike
0-1: Called Strike
Reggie Kahn steals 2nd base
0-2: SINGLE (Groundball, 34D)
Reggie Kahn to third
Runner from 3rd tries for Home, throw and OUT!
Eric Porter to second
Batting: RHB Gonzalo Núñez 0-0: Ball
1-0: Ball
2-0: Ground out 4-3 (Groundball, 4)
Eric Porter to third
Batting: RHB Henry Cameron 0-0: Ball
1-0: Ball
2-0: Ball
3-0: Called Strike
3-1: Base on Balls
Batting: SHB Troy Grant 0-0: Called Strike
0-1: Ball
1-1: Ball
2-1: Ball
3-1: Base on Balls
Henry Cameron to second
Batting: LHB Roberto Marino 0-0: Ball
1-0: Foul Ball, location: 2F
1-1: Ball
2-1: Foul Ball, location: 2F
2-2: Strikes out looking
Top of the 2nd over - 0 run(s), 2 hit(s), 0 error(s), 3 left on base; Brinkley 0 - Pawnee 0
BOTTOM OF THE 2ND
Pawnee ParksNRec batting - Pitching for Brinkley Belugas : RHP Jeff Mayer
Batting: RHB Jim Unknown 0-0: Called Strike
0-1: Ball
1-1: Ball
2-1: SINGLE (Flyball, 9S)
Batting: RHB Alfredo Suárez 0-0: Called Strike
0-1: Called Strike
0-2: Ball
1-2: Strikes out swinging
Batting: RHB Dale Blair 0-0: Fly out, F9 (Flyball, 89M)
0-0: Fly out, F9 (Flyball, 89M)
Batting: RHB Rex Long 0-0: SINGLE (Line Drive, 5D)
Jim Unknown to second
Batting: RHB Jim Unknown 0-0: Ball
1-0: Called Strike
1-1: Called Strike
1-2: Ball
2-2: Foul Ball, location: 2F
2-2: Strikes out swinging
Bottom of the 2nd over - 0 run(s), 2 hit(s), 0 error(s), 2 left on base; Brinkley 0 - Pawnee 0
TOP OF THE 3RD
Brinkley Belugas batting - Pitching for Pawnee ParksNRec : RHP Albert Castillo
Batting: RHB Jaime López 0-0: Ball
1-0: Foul Ball, location: 2F
1-1: Ball
2-1: Fly out, F8 (Line Drive, 8LM)
Batting: RHB Iván Miranda 0-0: Called Strike
0-1: Ball
1-1: Swinging Strike
1-2: Ball
2-2: Strikes out swinging
Batting: LHB Mike Cook 0-0: Ball
1-0: Called Strike
1-1: Ball
2-1: Ball
3-1: Foul Ball, location: 2F
3-2: Base on Balls
Batting: RHB Reggie Kahn 0-0: Ball
1-0: Called Strike
1-1: Ball
2-1: Foul Ball, location: 2F
2-2: Ball
3-2: Strikes out swinging
Top of the 3rd over - 0 run(s), 0 hit(s), 0 error(s), 1 left on base; Brinkley 0 - Pawnee 0
BOTTOM OF THE 3RD
Pawnee ParksNRec batting - Pitching for Brinkley Belugas : RHP Jeff Mayer
Batting: RHB Jonathan Widdop 0-0: Ball
1-0: Called Strike
1-1: Swinging Strike
1-2: Strikes out swinging
Batting: RHB Roberto Maestas 0-0: Ground out 1-3 (Groundball, 15)
Batting: RHB Duncan Thomas 0-0: Swinging Strike
0-1: Called Strike
0-2: Strikes out swinging
Bottom of the 3rd over - 0 run(s), 0 hit(s), 0 error(s), 0 left on base; Brinkley 0 - Pawnee 0
TOP OF THE 4TH
Brinkley Belugas batting - Pitching for Pawnee ParksNRec : RHP Albert Castillo
Batting: LHB Eric Porter 0-0: Ball
1-0: Ball
2-0: Ball
3-0: Base on Balls
Batting: RHB Gonzalo Núñez 0-0: Called Strike
0-1: Ball
1-1: Reached on error, E5 (Groundball, 56)
Eric Porter to second
Batting: RHB Henry Cameron 0-0: Called Strike
0-1: DOUBLE (Line Drive, 5L)
Eric Porter scores
Gonzalo Núñez to third
Batting: SHB Troy Grant 0-0: Swinging Strike
0-1: Ball
1-1: Ball
2-1: Ball
3-1: Base on Balls
Batting: LHB Roberto Marino 0-0: Ball
1-0: Fly out, F9 (Flyball, 9LM)
Runner from 3rd tags up, SCORES, throw made
Batting: RHB Jaime López 0-0: Fly out, F7 (Flyball, 78S)
Batting: RHB Iván Miranda 0-0: Called Strike
0-1: Foul Ball, location: 2F
0-2: Strikes out swinging
Top of the 4th over - 2 run(s), 1 hit(s), 1 error(s), 2 left on base; Brinkley 2 - Pawnee 0
BOTTOM OF THE 4TH
Pawnee ParksNRec batting - Pitching for Brinkley Belugas : RHP Jeff Mayer
Batting: RHB Mark Allen 0-0: Ball
1-0: Ball
2-0: Called Strike
2-1: SINGLE (Flyball, 89S)
Batting: RHB Jim Unknown 0-0: Ball
1-0: Foul Ball, location: 2F
1-1: Ball
Mark Allen steals 2nd base
2-1: Swinging Strike
2-2: Ground out 3-4 (Groundball, 3)
Mark Allen to third
Batting: RHB Alfredo Suárez 0-0: Ground out 6-3 (Groundball, 6)
Mark Allen scores
Batting: RHB Dale Blair 0-0: DOUBLE (Flyball, 7LM)
Batting: RHB Rex Long 0-0: Ball
1-0: Called Strike
1-1: Ball
2-1: Foul Ball, location: 2F
2-2: Foul Ball, location: 2F
2-2: Ground out 6-3 (Groundball, 6M)
Bottom of the 4th over - 1 run(s), 2 hit(s), 0 error(s), 1 left on base; Brinkley 2 - Pawnee 1
TOP OF THE 5TH
Brinkley Belugas batting - Pitching for Pawnee ParksNRec : RHP Albert Castillo
Batting: LHB Mike Cook 0-0: Ball
1-0: Called Strike
1-1: Ball
2-1: DOUBLE (Flyball, 89XD)
Batting: RHB Reggie Kahn 0-0: Called Strike
0-1: Ball
1-1: Ball
2-1: Swinging Strike
2-2: Ball
3-2: Strikes out looking
Batting: LHB Eric Porter 0-0: Intentional Walk
Batting: RHB Gonzalo Núñez 0-0: Foul Ball, location: 2F
0-1: Ball
1-1: Foul Ball, location: 2F
1-2: Strikes out swinging
Batting: RHB Henry Cameron 0-0: Called Strike
0-1: Called Strike
0-2: Ball
1-2: Ball
2-2: Strikes out swinging
Top of the 5th over - 0 run(s), 1 hit(s), 0 error(s), 2 left on base; Brinkley 2 - Pawnee 1
BOTTOM OF THE 5TH
Pawnee ParksNRec batting - Pitching for Brinkley Belugas : RHP Jeff Mayer
Batting: RHB Jim Unknown 0-0: Called Strike
0-1: Reached on error, E5 (Groundball, 5S)
Batting: RHB Jonathan Widdop 0-0: Called Strike
0-1: Called Strike
0-2: Foul Ball, location: 2F
0-2: Ball
1-2: Foul Ball, location: 2F
1-2: 2-RUN HOME RUN (Line Drive, 8RXD), Distance : 446 ft
Batting: RHB Roberto Maestas 0-0: Bunt for hit - play at first, batter OUT! 1-3
Batting: RHB Duncan Thomas 0-0: Called Strike
0-1: Ground out 5-3 (Groundball, 56)
Batting: RHB Mark Allen 0-0: Called Strike
0-1: Ball
1-1: Fly out, F8 (Flyball, 8LD)
Bottom of the 5th over - 2 run(s), 1 hit(s), 1 error(s), 0 left on base; Brinkley 2 - Pawnee 3
TOP OF THE 6TH
Brinkley Belugas batting - Pitching for Pawnee ParksNRec : RHP Albert Castillo
Batting: SHB Troy Grant 0-0: SINGLE (Line Drive, 4MD)
Batting: LHB Roberto Marino 0-0: Fly out, F8 (Flyball, 8LM)
0-0: Fly out, F8 (Flyball, 8LM)
Batting: RHB Jaime López 0-0: SINGLE (Groundball, 13) (infield hit)
Troy Grant to second
Batting: RHB Iván Miranda 0-0: Ball
1-0: Foul Ball, location: 2F
1-1: Foul Ball, location: 2F
1-2: Foul Ball, location: 2F
1-2: Ground out 4-3 (Groundball, 4M)
Troy Grant to third
Jaime López to second
Pitching: RHP Ben Quinn
Batting: LHB Mike Cook 0-0: Called Strike
0-1: Ball
1-1: Ball
2-1: Ball
3-1: Foul Ball, location: 2F
3-2: Foul Ball, location: 2F
3-2: Strikes out swinging
Top of the 6th over - 0 run(s), 2 hit(s), 0 error(s), 2 left on base; Brinkley 2 - Pawnee 3
BOTTOM OF THE 6TH
Pawnee ParksNRec batting - Pitching for Brinkley Belugas : RHP Jeff Mayer
Batting: RHB Jim Unknown 0-0: Called Strike
0-1: Fly out, F9 (Line Drive, 9M)
Batting: RHB Alfredo Suárez 0-0: Ball
1-0: Fly out, F6 (Popup, 6)
Batting: RHB Dale Blair 0-0: Ball
1-0: Fly out, F2 (Popup, 23F)
Bottom of the 6th over - 0 run(s), 0 hit(s), 0 error(s), 0 left on base; Brinkley 2 - Pawnee 3
TOP OF THE 7TH
Brinkley Belugas batting - Pitching for Pawnee ParksNRec : RHP Ben Quinn
Batting: RHB Reggie Kahn 0-0: Called Strike
0-1: Ball
1-1: Ball
2-1: Ball
3-1: Base on Balls
Batting: LHB Eric Porter 0-0: Ball
1-0: Ball
2-0: Ball
3-0: Base on Balls
Reggie Kahn to second
Batting: RHB Gonzalo Núñez 0-0: Ball
1-0: Grounds into double play, 6-4-3 (Groundball, 6M)
Reggie Kahn to third
Pinch Hitting: RHB Randy Tucker 0-0: Called Strike
0-1: Fly out, F4 (Popup, 34)
Top of the 7th over - 0 run(s), 0 hit(s), 0 error(s), 1 left on base; Brinkley 2 - Pawnee 3
BOTTOM OF THE 7TH
Pawnee ParksNRec batting - Pitching for Brinkley Belugas : RHP Jeff Mayer
Now in CF: Randy Tucker
Batting: RHB Rex Long 0-0: Ball
1-0: Foul Ball, location: 2F
1-1: Ball
2-1: Ball
3-1: Foul Ball, location: 2F
3-2: Base on Balls
Batting: RHB Jim Unknown 0-0: Sac Bunt - play at first, batter safe!
Rex Long to second
Batting: RHB Jonathan Widdop 0-0: Ball
1-0: Called Strike
1-1: Called Strike
1-2: Strikes out looking
Batting: RHB Roberto Maestas 0-0: DOUBLE (Line Drive, 7LS)
Rex Long scores
Jim Unknown to third
Batting: RHB Duncan Thomas 0-0: Called Strike
0-1: Called Strike
0-2: Ball
1-2: SINGLE (Line Drive, 56D)
Jim Unknown scores
Roberto Maestas to third
Batting: RHB Mark Allen 0-0: Ball
1-0: Called Strike
1-1: Foul Ball, location: 2F
1-2: Ball
2-2: Grounds into double play, 6-4-3 (Groundball, 6)
Bottom of the 7th over - 2 run(s), 3 hit(s), 0 error(s), 1 left on base; Brinkley 2 - Pawnee 5
TOP OF THE 8TH
Brinkley Belugas batting - Pitching for Pawnee ParksNRec : RHP Ben Quinn
Batting: SHB Troy Grant 0-0: Foul Ball, location: 2F
0-1: Ball
1-1: Foul Ball, location: 2F
1-2: Ball
2-2: Ball
3-2: Ground out 6-3 (Groundball, 6M)
Batting: LHB Roberto Marino 0-0: Called Strike
0-1: Ball
1-1: Ball
2-1: Called Strike
2-2: Reached on Error, E9 (Flyball, 9D)
Batting: RHB Jaime López 0-0: Grounds into double play, 6-4-3 (Groundball, 6)
Top of the 8th over - 0 run(s), 0 hit(s), 1 error(s), 0 left on base; Brinkley 2 - Pawnee 5
BOTTOM OF THE 8TH
Pawnee ParksNRec batting - Pitching for Brinkley Belugas : RHP Jeff Mayer
Batting: RHB Jim Unknown 0-0: Fly out, F1 (Popup, 23)
Batting: RHB Alfredo Suárez 0-0: Ground out 1-3 (Groundball, 23)
Batting: RHB Dale Blair 0-0: Ball
1-0: Ball
2-0: Ball
3-0: Called Strike
3-1: Foul Ball, location: 2F
3-2: Base on Balls
Batting: RHB Rex Long 0-0: Swinging Strike
0-1: Ball
1-1: DOUBLE (Line Drive, 7LS)
Dale Blair to third
Runner from 3rd tries for Home, SAFE, no throw or cutoff
Pitching: LHP Miguel Toro
Batting: RHB Jim Unknown 0-0: Foul Ball, location: 2F
0-1: Ball
1-1: Ball
2-1: Ball
3-1: Foul Ball, location: 2F
3-2: Foul Ball, location: 2F
3-2: Foul Ball, location: 2F
3-2: Base on Balls
Batting: RHB Jonathan Widdop 0-0: Ball
1-0: Called Strike
1-1: SINGLE (Groundball, 56)
Rex Long to third
Jim Unknown to second
Batting: RHB Roberto Maestas 0-0: Called Strike
0-1: Called Strike
0-2: Fly out, F8 (Flyball, 8RM)
Bottom of the 8th over - 1 run(s), 2 hit(s), 0 error(s), 3 left on base; Brinkley 2 - Pawnee 6
TOP OF THE 9TH
Brinkley Belugas batting - Pitching for Pawnee ParksNRec : RHP Ben Quinn
Pitching: LHP Jim Unknown
Batting: RHB Iván Miranda 0-0: Ball
1-0: Ball
2-0: Called Strike
2-1: Called Strike
2-2: Foul Ball, location: 2F
2-2: Foul Ball, location: 2F
2-2: Ball
3-2: Foul Ball, location: 2F
3-2: Base on Balls
Batting: LHB Mike Cook 0-0: Ball
1-0: Called Strike
1-1: Called Strike
1-2: Foul Ball, location: 2F
1-2: Strikes out swinging
Batting: RHB Reggie Kahn 0-0: Swinging Strike
0-1: Ball
1-1: Swinging Strike
1-2: Strikes out swinging
Batting: LHB Eric Porter 0-0: Called Strike
0-1: Ball
1-1: Ball
2-1: Ball
3-1: Called Strike
3-2: Strikes out looking
Top of the 9th over - 0 run(s), 0 hit(s), 0 error(s), 1 left on base; Brinkley 2 - Pawnee 6
This league is powered by Out of the Park Baseball, the baseball management simulation game for PC, Mac and Linux
Friday, July 8th, 2016 - OOTP Baseball 16.9 Build 39